 Dungeon Crawl Stone Soup version 0.30-a0-6-g7c9e10e132 (webtiles) character file.

Game seed: 14090813339392160772

81 SensoryNuts the Trooper (level 4, -4/41 HPs)
             Began as a Hill Orc Fighter on Aug 22, 2022.
             Slain by a gnoll
             ... wielding a +0 spear
              (7 damage)
             ... on level 3 of the Dungeon.
             The game lasted 00:01:40 (2264 turns).

SensoryNuts the Trooper (Hill Orc Fighter)          Turns: 2264, Time: 00:01:40

Health: -4/41      AC:  7    Str: 20    XL:     4   Next: 42%
Magic:  4/4        EV:  9    Int:  8    God:
Gold:   123        SH:  0    Dex: 10    Spells: 3/3 levels left

rFire   . . .      SeeInvis .    a - +0 war axe
rCold   . . .      Faith    .    c - +0 buckler
rNeg    . . .      Spirit   .    b - +0 scale mail
rPois   .          Reflect  .    (no helmet)
rElec   .          Harm     .    (no cloak)
rCorr   .          Rampage  .    (no gloves)
Will    .....                    (no boots)
Stlth   ..........               (no amulet)
HPRegen 0.13/turn                (no ring)
MPRegen 0.09/turn                (no ring)

@: confused, mighty, ambrosia-drunk, attractive, flying
A: claws 1, hooves 1
a: no special abilities


You were on level 3 of the Dungeon.
You visited 1 branch of the dungeon, and saw 3 of its levels.

You collected 123 gold pieces.

Inventory:

Hand Weapons
 a - a +0 war axe (weapon)
Armour
 b - a +0 scale mail (worn)
 c - a +0 buckler (worn)
Scrolls
 j - a scroll of identify {unknown}
Potions
 g - a potion of mutation
 h - a potion of flight


   Skills:
 + Level 4.6 Fighting
 + Level 3.6 Axes
 + Level 4.0 Armour
 + Level 0.1 Stealth
 + Level 3.6 Shields


You had 3 spell levels left.
You didn't know any spells.
Your spell library contained the following spells:

 Spells                   Type           Power      Damage    Failure   Level
 Fireball                 Conj/Fire      0%         3d3       100%        5
 Iskenderun's Battlesphe  Conj           0%         2d6       100%        5
 Conjure Ball Lightning   Conj/Air       0%         3x3d6     100%        6
 Orb of Destruction       Conj           0%         9d5       100%        7


Dungeon Overview and Level Annotations

Branches:
Dungeon (3/15)

Altars:


Innate Abilities, Weirdness & Mutations

You have sharp fingernails.
You have large cloven feet.


Message History

You struggle against the net.
The gnoll hits you but does no damage.
The gnoll hits you from afar with a +0 spear.
The gnoll barely misses you.
Unknown command.
You are too confused!
Unknown command.
It was a potion of flight.
You feel very buoyant.
You fly up into the air.
The gnoll hits you but does no damage. x2
The gnoll barely misses you.
It was a potion of attraction.
You feel attractive to monsters. The gnoll hits you but does no damage.
The gnoll barely misses you.
The gnoll hits you from afar with a +0 halberd!
* * * LOW HITPOINT WARNING * * *
The gnoll is attracted toward you.
You rip the net and break free!
The gnoll hits you but does no damage. The gnoll hits you with a +0 spear.
* * * LOW HITPOINT WARNING * * *
The gnoll is attracted toward you. The gnoll attacks as you move away!
The gnoll hits you but does no damage. The gnoll hits you with a +0 spear.
The gnoll hits you from afar with a +0 spear.
* * * LOW HITPOINT WARNING * * *
The gnoll hits you from afar with a +0 halberd!
* * * LOW HITPOINT WARNING * * *
The gnoll is attracted toward you.
You are too confused!
You are too confused!
You are too confused!
Okay, then.
You completely miss the gnoll. You barely miss the gnoll.
The gnoll hits you with a +0 spear.
* * * LOW HITPOINT WARNING * * *
The gnoll barely misses you.
The gnoll hits you from afar with a +0 halberd.
* * * LOW HITPOINT WARNING * * *
The gnoll barely misses you. x2; The gnoll misses you.
The gnoll attacks as you move away! The gnoll hits you with a +0 spear!
You die...

#.# #.# #.#
####.####
#.......#
#.......#
#..g....#####
#.ยง.g........
#..g@...#####
#.......#
#.......#
#########


You could see 3 gnolls.

Vanquished Creatures
  5 adders (D:2)
  A ball python (D:2)
  3 bats
  4 endoplasms
  2 giant cockroaches
  6 goblins
  A hobgoblin (D:2)
  4 kobolds
  4 quokkas
  3 frilled lizards
  A rat (D:1)
34 creatures vanquished.

Notes
Turn   | Place    | Note
-------+----------+-------------------------------------------
     0 | D:1      | SensoryNuts the Hill Orc Fighter began the quest for the
                  | Orb.
     0 | D:1      | Reached XP level 1. HP: 19/19 MP: 1/1
   322 | D:1      | Reached XP level 2. HP: 18/27 MP: 2/2
   707 | D:1      | Found a faded altar of an unknown god.
   997 | D:1      | Gained mutation: You have large cloven feet. [potion of
                  | mutation]
   997 | D:1      | Gained mutation: You have sharp fingernails. [potion of
                  | mutation]
  1221 | D:2      | Reached XP level 3. HP: 34/34 MP: 3/3
  1731 | D:2      | Reached XP level 4. HP: 33/40 MP: 4/4
  2255 | D:3      | HP: 1/41 [gnoll/+0 halberd (4)]
  2264 | D:3      | Slain by a gnoll

Illustrated notes

Levels and vault maps discovered:
D:1:      amcnicky_arrival_choice, layout_basic,
          shapermc_ecumenical_altar_ellora, minmay_pentomino_p2
D:2:      layout_basic
D:3:      layout_loops_ring, nicolae_kikubaaqudgha_miasma_corner, kennysheep_nub

Skill      XL: |  1  2  3  4 |
---------------+-------------+-----
Fighting       | 4 |  4.6
Axes           | 3 |  3.6
Armour         | 4 |  4.0
Stealth        | |  0.1
Shields        | |  3.6

Action                   |  1- 3 |  4- 6 || total
-------------------------+-------+-------++-------
Melee: War axe           |    88 |    16 ||   104
       Kick              |     4 |     6 ||    10
  Use: Scroll            |     6 |       ||     6
       Potion            |     2 |     5 ||     7
Armor: Scale mail        |    59 |    16 ||    75
Dodge: Dodged            |    43 |    16 ||    59
Block: Buckler           |    23 |     3 ||    26

Table legend: (Time is in decaauts)
 A = Elapsed time spent in this place.
 B = Non-inter-level travel time spent in this place.
 C = Inter-level travel time spent in this place.
 D = Time resting spent in this place.
 E = Time spent auto-exploring this place.
 F = Levels seen in this place.
 G = Mean time per level.
                   A        B        C        D        E       F      G
               +--------+--------+--------+--------+--------+-----+--------+
         Total |   2304 |   2178 |    126 |    251 |   1659 |   3 |  768.0 |
       Dungeon |   2304 |   2178 |    126 |    251 |   1659 |   3 |  768.0 |
               +--------+--------+--------+--------+--------+-----+--------+

Top non-repeatable levels by time:
     D:1: 1236 daAuts
     D:2: 1051 daAuts
     D:3: 15 daAuts
